AoeStats
← Jontelang

Arabia

510307199Analyzed
1v1 RM · 24h ago on Sep 30, 2026· 22m 57s· 2 players
Game mode
Random Map
Map size
Tiny (2 player)
Population
200
Speed
Normal
Resources
Standard
Victory
Conquest
Starting age
Dark Age
Ending age
Imperial Age
RankedLock teamsTeams togetherTeam positionsShared explorationLock speedFull tech treeHidden civsTurbo modeCheats
Victory
Defeat
🇹🇭 Wei · Thailand
962
+18
🇩🇿 Franks · Algeria
999
-18
Jontelang
5:59 Loom
9:46 Feudal Age
11:43 Double-Bit Axe
11:52 Gold Mining
13:28 Horse Collar
16:24 Stone Mining
20:16 Castle Age
20:12 Scale Barding Armor
21:16 Bloodlines
21:18 Forging
22:24 Stone Shaft Mining
shadowhb31
7:08 Loom
9:52 Feudal Age
13:05 Double-Bit Axe
20:16 Castle Age
18:32 Gold Mining
Connection lost

Rejoining the realm…

Still unreachable

The connection could not be restored.

Session expired

The server has moved on; the page needs a fresh start.